Map: Purity and Industry LE

Players

IlIlIlIlIlIl - Winner!

  • Race: Terran Terran
  • League: Master
  • Spawn Location: 3:00

lllIIlIIllIl (Stephano)

  • Race: Zerg Zerg
  • League: Master
  • Spawn Location: 12:00

VOD

Have the link to the VOD?

Description

Time

  • Played on: March 12, 2020, 3:31 p.m.
  • Length: 11:34
Show
View Real Time Build Order
Export as new Build Order

IlIlIlIlIlIl Terran - Winner!

Build Orders: Hellion Opening, Reaper Expand, Mech 

Get SALT Encoding   

  12  0:00  SCV  
  13  0:12  SCV  
  14  0:17  Supply Depot  
  14  0:25  SCV  
  15  0:38  SCV  
  15  0:40  Barracks  
  16  0:43  Refinery  
  16  0:50  SCV  
  17  1:03  SCV  
  18  1:15  SCV  
  19  1:27  Reaper, Orbital Command  
  20  1:40  Command Center  
  20  1:47  Supply Depot  
  20  1:52  SCV  
  21  1:58  Marine  
  22  2:04  SCV  
  22  2:07  Factory  
  23  2:13  Refinery  
  23  2:16  SCV  
  23  2:21  Barracks Reactor  
  24  2:28  SCV  
  25  2:40  SCV  
  26  2:51  Orbital Command  
  26  2:53  SCV  
  26  2:54  Starport  
  27  3:04  Hellion x2  
  27  3:05  SCV  
  32  3:07  Marine  
  33  3:17  SCV x2  
  35  3:24  Supply Depot  
  35  3:26  Hellion x2  
  39  3:29  SCV x2  
  39  3:33  Fusion Core  
  42  3:41  SCV x2  
  43  3:49  Supply Depot  
  43  3:51  Hellion x2, Starport Tech Lab  
  43  3:53  SCV x2  
  49  4:05  SCV x2  
  51  4:12  Command Center  
  51  4:17  SCV x2  
  53  4:26  Battlecruiser  
  53  4:29  Supply Depot  
  59  4:34  SCV x2  
  59  4:40  Refinery x2  
  59  4:46  SCV x2  
  59  4:51  Hellion x2  
  64  4:57  Supply Depot  
  64  4:59  SCV x2  
  66  5:04  Factory x2  
  64  5:12  Hellion x2  
  64  5:13  SCV x2  
  70  5:23  Orbital Command  
  70  5:25  SCV x2  
  72  5:31  Battlecruiser  
  78  5:37  Hellion, SCV x2  
  78  5:40  Hellion  
  84  5:45  Weapon Refit  
  84  5:49  Orbital Command  
  82  5:51  SCV x2  
  82  5:54  Factory Tech Lab x2  
  84  6:00  Hellion  
  84  6:01  Hellion  
  84  6:03  SCV  
  87  6:09  SCV  
  82  6:14  Cyclone x2  
  82  6:15  SCV  
  87  6:20  SCV, Supply Depot  
  87  6:21  SCV  
  87  6:22  Hellion, Supply Depot  
  87  6:23  Hellion  
  93  6:26  Refinery  
  93  6:33  Supply Depot, Refinery  
  93  6:34  Supply Depot  
  93  6:42  SCV x2, Battlecruiser  
  93  6:43  SCV, Supply Depot  
  102  6:54  SCV x2  
  108  6:55  Cyclone  
  108  6:56  SCV, Cyclone  
  111  7:06  SCV x2, Engineering Bay  
  111  7:07  Hellion x2  
  111  7:08  SCV  
  115  7:18  SCV x2  
  115  7:22  Armory x2  
  115  7:25  Mag-Field Accelerator, Infernal Pre-Igniter  
  115  7:27  SCV  
  116  7:30  SCV x2  
  116  7:33  Hellion  
  116  7:34  Hellion  
  122  7:39  Siege Tank x2  
  128  7:46  Command Center  
  128  7:55  Hellion x2  
  132  8:03  SCV x3  
  129  8:11  Siege Tank x2  
  135  8:15  SCV  
  135  8:16  Hellion x2  
  135  8:17  Factory x2  
  125  8:28  Terran Vehicle And Ship Armor Level 1, Terran Vehicle Weapons Level 1  
  125  8:33  Command Center  
  125  8:38  Hellion x2  
  129  8:41  SCV x3  
  129  8:42  Supply Depot  
  129  8:43  Siege Tank x2, Supply Depot  
  132  8:59  Hellion x2  
  132  9:01  SCV x3  
  135  9:04  Factory Tech Lab, Factory Reactor  
  135  9:10  Factory  
  135  9:11  Factory  
  135  9:13  Factory  
  135  9:16  Siege Tank x2, Missile Turret  
  141  9:21  SCV x3  
  144  9:29  Siege Tank  
  144  9:30  Hellion x2  
  151  9:40  Refinery  
  151  9:41  Refinery  
  151  9:42  Planetary Fortress  
  151  9:47  Missile Turret  
  151  9:49  Siege Tank  
  151  9:51  Siege Tank  
  157  9:58  SCV x3  
  160  10:03  Factory Tech Lab x2, Factory Reactor  
  160  10:05  Hellion x4  
  168  10:11  Missile Turret  
  168  10:13  Command Center, Refinery x2  
  168  10:23  Hellion  
  168  10:24  Hellion, Siege Tank x2  
  168  10:25  Siege Tank  
  168  10:28  Hellion x2  
  183  10:34  Hellion  
  185  10:37  Planetary Fortress  
  185  10:42  Supply Depot  
  185  10:48  Command Center  
  185  10:49  Command Center  
  185  10:50  Command Center  
  190  11:11  Hellion x2  
  190  11:12  Hellion  
Show
View Real Time Build Order
Export as new Build Order

lllIIlIIllIl Zerg 

Build Orders: Hatch First, Lurkers 

Get SALT Encoding   

  12  0:00  Drone  
  13  0:12  Overlord  
  13  0:17  Drone  
  14  0:30  Drone x2  
  16  0:48  Hatchery  
  15  0:51  Drone  
  15  0:55  Drone  
  17  0:58  Drone  
  18  1:09  Extractor  
  17  1:13  Spawning Pool  
  17  1:16  Drone  
  17  1:20  Drone  
  18  1:28  Drone  
  19  1:38  Drone  
  20  1:49  Drone  
  21  2:00  Queen x2  
  21  2:01  Zergling x4  
  27  2:10  Drone  
  27  2:12  Overlord  
  28  2:20  Hatchery  
  27  2:29  Drone  
  28  2:32  Drone  
  28  2:35  Drone x2  
  31  2:42  Queen  
  31  2:43  Drone  
  34  2:48  Metabolic Boost  
  34  2:53  Overlord  
  34  2:55  Drone  
  34  2:57  Drone  
  36  3:13  Drone x2  
  36  3:14  Drone x3  
  36  3:15  Drone  
  36  3:17  Queen  
  44  3:23  Overlord  
  44  3:35  Drone x3, Queen  
  44  3:41  Extractor, Overlord, Queen  
  49  3:45  Overlord  
  49  3:47  Drone  
  49  3:48  Drone  
  53  3:49  Drone  
  53  3:50  Drone  
  55  4:00  Evolution Chamber  
  55  4:01  Zergling x6  
  57  4:04  Evolution Chamber, Drone  
  57  4:06  Drone x2  
  57  4:09  Drone  
  60  4:10  Drone  
  60  4:16  Drone x2  
  63  4:19  Queen  
  63  4:21  Overlord  
  65  4:24  Zergling x2  
  65  4:31  Spore Crawler, Zerg Ground Armor Level 1  
  65  4:37  Queen  
  65  4:39  Overlord  
  65  4:52  Zergling x6  
  66  4:54  Zerg Missile Weapons Level 1, Drone x4  
  66  4:56  Spore Crawler  
  66  4:57  Spore Crawler, Queen x2  
  66  4:59  Drone  
  73  5:02  Drone x2  
  75  5:08  Drone x2  
  77  5:14  Drone x4  
  77  5:18  Overlord  
  81  5:25  Lair, Extractor  
  81  5:26  Hatchery  
  81  5:27  Extractor  
  81  5:28  Drone x2  
  80  5:29  Drone  
  80  5:32  Overlord  
  79  5:46  Zergling x18  
  83  5:50  Overlord  
  83  5:54  Drone x3  
  83  5:57  Evolution Chamber  
  83  6:01  Evolution Chamber  
  81  6:05  Drone x6  
  85  6:12  Drone x3  
  85  6:18  Extractor  
  87  6:19  Drone x6, Extractor  
  87  6:25  Extractor  
  91  6:26  Hydralisk Den  
  91  6:29  Drone x2  
  92  6:37  Drone x3  
  95  6:46  Overlord  
  95  6:57  Zerg Missile Weapons Level 2  
  95  6:58  Muscular Augments  
  95  6:59  Overlord x2  
  95  7:00  Zergling x18  
  103  7:01  Overlord x4  
  103  7:14  Extractor  
  102  7:16  Zerg Ground Armor Level 2, Extractor  
  102  7:19  Overlord  
  102  7:20  Infestation Pit  
  102  7:21  Drone x3  
  102  7:22  Drone x3  
  106  7:23  Spore Crawler  
  106  7:29  Hydralisk  
  105  7:30  Hydralisk x5  
  110  7:38  Queen  
  110  7:39  Hydralisk, Queen  
  115  7:44  Drone x3  
  115  7:46  Drone  
  115  7:47  Drone  
  115  7:51  Drone x2  
  118  7:59  Hydralisk x3  
  118  8:04  Hydralisk  
  118  8:08  Hydralisk x2  
  118  8:09  Hydralisk  
  119  8:14  Hydralisk  
  119  8:15  Hydralisk  
  119  8:19  Zergling x10  
  111  8:25  Hydralisk x3  
  110  8:30  Hydralisk x2  
  112  8:35  Hydralisk x2  
  112  8:38  Grooved Spines  
  116  8:42  Zergling x6  
  116  8:43  Lurker Den  
  115  8:56  Drone x7  
  115  8:57  Drone  
  115  9:01  Spore Crawler, Drone x4  
  124  9:08  Hive  
  124  9:12  Drone x4  
  128  9:18  Queen  
  128  9:22  Hydralisk  
  128  9:23  Hydralisk x3  
  138  9:35  Overlord  
  138  9:36  Hydralisk x2  
  142  9:38  Hatchery  
  142  9:40  Lurker x2  
  142  9:41  Lurker x3  
  142  9:44  Drone  
  148  9:45  Drone x2  
  148  9:46  Hydralisk  
  148  9:47  Hydralisk  
  148  9:49  Lurker  
  154  9:59  Hydralisk x6  
  166  10:15  Hatchery  
  166  10:16  Hydralisk x5  
  175  10:24  Overlord x3  
  175  10:26  Seismic Spines  
  167  10:40  Hydralisk x4  
  175  10:44  Drone x3  
  175  10:46  Drone x7  
  185  10:55  Extractor  
  184  10:59  Extractor  
  184  11:01  Hydralisk x7  
  193  11:06  Hydralisk  
  193  11:08  Hydralisk x2  
  193  11:09  Lurker x6  
  189  11:13  Zergling x8  
  189  11:16  Lurker x2  
Tags
 
Add a new tag
Caveats
  • Supply blocks, unpowered buildings, or Contaminate may cause inaccurate times.
  • Supply counts are checked every 10 seconds.